 Dungeon Crawl Stone Soup version 0.26-a0-244-g083ca260ac (webtiles) character file.

Game seed: 3801351566910209228

191 BritishOli the Slasher (level 5, 0/43 HPs)
             Began as a Demonspawn Gladiator on July 8, 2020.
             Slain by Sigmund
             ... wielding a +0 scythe of venom
              (7 damage)
             ... on level 3 of the Dungeon.
             The game lasted 00:01:39 (2551 turns).

BritishOli the Slasher (Demonspawn Gladiator)       Turns: 2551, Time: 00:01:39

Health: 0/43       AC:  7    Str: 16    XL:     5   Next: 41%
Magic:  5/5        EV: 13    Int:  9    God:
Gold:   169        SH:  0    Dex: 14    Spells: 4/4 levels left

rFire    . . .     SeeInvis .   a - +0 long sword
rCold    . . .     Faith    .   (no shield)
rNeg     . . .     Spirit   .   b - +0 leather armour
rPois    .         Reflect  .   c - +0 helmet
rElec    .         Harm     .   o - +0 cloak
rCorr    .                      (no gloves)
MR       .....                  (no boots)
Stlth    ..........             (no amulet)
HPRegen  0.14/turn              (no ring)
MPRegen  0.09/turn              (no ring)

@: confused, lethally poisoned (0 -> -6)
A: hooves 1, rugged brown scales 2
a: no special abilities


You were on level 3 of the Dungeon.
You were not hungry.

You visited 1 branch of the dungeon, and saw 3 of its levels.

You collected 169 gold pieces.

Inventory:

Hand Weapons
 a - a +0 long sword (weapon)
Missiles
 d - 3 throwing nets (quivered)
Armour
 b - a +0 leather armour (worn)
 c - a +0 helmet (worn)
 o - a +0 cloak (worn)
Wands
 q - a wand of iceblast (4)
 r - a wand of enslavement (10)
Scrolls
 f - a scroll of identify {unknown}
 g - 2 scrolls of blinking {unknown}
 k - a scroll of amnesia {unknown}
 l - 2 scrolls of enchant weapon {unknown}
 m - 2 scrolls of teleportation {unknown}
 n - 2 scrolls of fear {unknown}
Potions
 e - a potion of curing {unknown}
 h - a potion of resistance {unknown}
 i - a potion of brilliance {unknown}
 j - a potion of berserk rage {unknown}
Comestibles
 p - 3 rations


   Skills:
 + Level 3.0 Fighting
 + Level 3.4 Long Blades
 + Level 2.7 Throwing
 + Level 1.9 Armour
 + Level 3.4 Dodging


You had 4 spell levels left.
You didn't know any spells.
Your spell library was empty.

Dungeon Overview and Level Annotations

Branches:
Dungeon (3/15)

Altars:

Annotations:
D:3 Sigmund


Innate Abilities, Weirdness & Mutations

You have large cloven feet.
You are mostly covered in rugged brown scales. (AC +2, +5% HP)


Message History

You are more confused.
You bump into the rock wall.
You feel sick.
You bump into the rock wall.
You feel sick. Something barely misses you.
You bump into the rock wall.
You bump into the rock wall.
You feel sick. Something barely misses you.
You hear some strange, mumbled words.
A magic dart appears from out of thin air!
The magic dart hits you.
* * * LOW HITPOINT WARNING * * *
You bump into the rock wall.
You feel sick.
You hear some strange, mumbled words.
You are more confused.
You bump into the rock wall.
Something hits you but does no damage.
You are more poisoned.
You bump into the rock wall.
* * * LOW HITPOINT WARNING * * *
You feel sick. Something hits you!
You die...

#..# ..# ..# #....
.. #.#.#
'#######.#.#
.........#.#
#.....{.#@#
#.....#.#.#
#######.##.#.#{#
#.............##
#.#......#)#..# .
#........#.#...#
.####......#.#####
........#.##..
........#.#####


There were no monsters in sight!

Vanquished Creatures
  Crazy Yiuf (D:2)
  Jessica (D:2)
  Natasha (twice) (D:3)
  2 adders (D:2)
  3 worms (D:3)
  A leopard gecko (D:1)
  3 orcs (D:3)
  13 bats
  3 giant cockroaches
  11 goblins
  4 hobgoblins
  5 kobolds
  5 frilled lizards
  9 rats
63 creatures vanquished.

Notes
Turn   | Place    | Note
-------+----------+-------------------------------------------
     0 | D:1      | BritishOli the Demonspawn Gladiator began the quest for the
                  | Orb.
     0 | D:1      | Reached XP level 1. HP: 16/16 MP: 1/1
   178 | D:1      | Gained mutation: You have large cloven feet. [demonic
                  | ancestry]
   178 | D:1      | Reached XP level 2. HP: 22/22 MP: 2/2
   808 | D:2      | Gained mutation: You are partially covered in rugged brown
                  | scales. (AC +1, +3% HP) [demonic ancestry]
   808 | D:2      | Reached XP level 3. HP: 22/28 MP: 3/3
   882 | D:2      | Reached skill level 1 in Armour
  1088 | D:2      | Found a runed translucent door.
  1089 | D:2      | Noticed Crazy Yiuf
  1097 | D:2      | Killed Crazy Yiuf
  1097 | D:2      | Reached XP level 4. HP: 27/35 MP: 4/4
  1555 | D:2      | Noticed Jessica
  1565 | D:2      | Killed Jessica
  2020 | D:3      | Noticed Natasha
  2031 | D:3      | Killed Natasha
  2031 | D:3      | Gained mutation: You are mostly covered in rugged brown
                  | scales. (AC +2, +5% HP) [demonic ancestry]
  2031 | D:3      | Reached XP level 5. HP: 21/42 MP: 5/5
  2216 | D:3      | Noticed Natasha
  2221 | D:3      | Killed Natasha
  2530 | D:3      | Noticed Sigmund
  2551 | D:3      | Slain by Sigmund

Illustrated notes

Levels and vault maps discovered:
D:1:      dpeg_arrival_pits, layout_basic
D:2:      layout_loops_ring, uniq_crazy_yiuf_cottage, uniq_jessica
D:3:      layout_basic, nicolae_overflow_hidden_temple, portal_sewer_entry_b,
          first_ration, uniq_natasha, uniq_terence, uniq_sigmund

Skill      XL: |  1  2  3  4  5 |
---------------+----------------+-----
Throwing       | 2 |  2.7
Long Blades    | 3 |  3.4
Armour         | 1 |  1.9
Dodging        | 3 |  3.4
Fighting       | 3 |  3.0

Action                   |  1- 3 |  4- 6 || total
-------------------------+-------+-------++-------
Melee: Long sword        |    65 |    67 ||   132
       Kick              |    11 |    26 ||    37
  Eat: Ration            |       |     2 ||     2
Armor: Leather armour    |    41 |    26 ||    67
Dodge: Dodged            |    66 |    71 ||   137
       Rpst.: Long sword |    26 |    20 ||    46

Table legend:
 A = Non-vault XP
 B = Vault XP
 C = Vault XP percentage of total XP
 D = Non-vault monster count
 E = Vault monster count
 F = Vault count percentage of total count
                 A         B        C        D         E       F
            +---------+---------+-------+---------+---------+-------
      Total |     160 |     113 |  41.4 |      60 |       3 |   4.8
            +---------+---------+-------+---------+---------+-------
        D:1 |      30 |       0 |   0.0 |      21 |       0 |   0.0
        D:2 |      52 |      76 |  59.4 |      20 |       2 |   9.1
        D:3 |      78 |      37 |  32.2 |      19 |       1 |   5.0
            +---------+---------+-------+---------+---------+-------
